 Dungeon Crawl Stone Soup version 0.30.1-3-gfc49f6343a (webtiles) character file.

Game seed: 7605729559445757170

25 Wiggles the Chopper (level 2, -3/27 HPs)
             Began as a Minotaur Berserker on July 18, 2023.
             Was a Follower of Trog.
             Slain by a worm (9 damage)
             ... on level 2 of the Dungeon.
             The game lasted 00:01:04 (808 turns).

Wiggles the Chopper (Minotaur Berserker)             Turns: 808, Time: 00:01:05

Health: -3/27      AC:  2    Str: 21    XL:     2   Next: 82%
Magic:  1/1        EV: 12    Int:  4    God:    Trog [*.....]
Gold:   70         SH:  0    Dex:  9    Spells: 1/1 levels left

rFire   . . .        a - +0 hand axe
rCold   . . .        (no shield)
rNeg    . . .        b - +0 animal skin
rPois   +            (helmet restricted)
rElec   .            (no cloak)
rCorr   .            (no gloves)
SInv    .            (no boots)
Will    .....        (no amulet)
Stlth   +            h - ring of poison resistance
HPRegen 0.24/turn    (no ring)
MPRegen 0.07/turn

%: no passive effects
@: no status effects
A: horns 2, retaliatory headbutt
a: Renounce Religion, Berserk


You were on level 2 of the Dungeon.
You worshipped Trog.
Trog was aware of your devotion.
You visited 1 branch of the dungeon, and saw 2 of its levels.

You collected 70 gold pieces.

Inventory:

Hand Weapons
 a - a +0 hand axe (weapon)
Armour
 b - a +0 animal skin (worn)
Jewellery
 h - a ring of poison resistance (left hand)
Scrolls
 d - a scroll of butterflies {unknown}
 e - a scroll of enchant armour {unknown}
 g - 2 scrolls of fog {unknown}
Potions
 c - 2 potions of brilliance {unknown}
 f - a potion of curing {unknown}
 i - a potion of lignification {unknown}
 j - a potion of flight {unknown}


   Skills:
 + Level 4.2 Fighting
 + Level 4.2 Axes
 + Level 2.6 Armour
 + Level 2.4 Dodging


You had one spell level left.
You didn't know any spells.
Your spell library was empty.

Dungeon Overview and Level Annotations

Branches:
Dungeon (2/15)

Altars:


Innate Abilities, Weirdness & Mutations

You have a pair of horns on your head.
You reflexively headbutt those who attack you in melee.


Message History

Found a stone staircase leading up.
An orc comes into view. It is wielding a +0 club.
Found a stone staircase leading down.
The orc shouts!
A hobgoblin comes into view.
The hobgoblin shouts!
The orc misses you.
You hit the orc. You headbutt the orc.
You kill the orc!
Trog accepts your kill.
Things that are here:
a +0 club; an orc corpse The hobgoblin hits you.
You closely miss the hobgoblin. You headbutt the hobgoblin.
You kill the hobgoblin!
Trog accepts your kill.
No target in view!
i - a fuming amethyst potion
j - a fuming cyan potion A worm comes into view.
Found a ring mail.
The worm bites you!
You are too injured to fight recklessly!
You are too injured to fight recklessly!
You are too injured to fight recklessly!
The worm barely misses you.
You hit the worm. You headbutt the worm.
The worm is moderately wounded.
The worm bites you! The worm bites you.
* * * LOW HITPOINT WARNING * * *
You slash the worm!
The worm is heavily wounded.
The worm barely misses you.
You hit the worm.
The worm is severely wounded.
You barely miss the worm.
The worm is severely wounded.
The worm bites you!
You die...

#...>....##.#.#.##.#
#........##.#.#.##<#
#........##.#.#.##.#
#........##.#.#.##.#
.#####........#
#....#.#
.........######
######.#
###.......##### #.#
#....w....... #.#
#....@..####. #.#
#.......+ #.......#
#.....[.# #....####
###.## #. #.


You could see a worm.

Vanquished Creatures
  A dart slug (D:1)
  An orc (D:2)
  A ball python (D:1)
  2 endoplasms (D:2)
  5 giant cockroaches
  3 hobgoblins
  A quokka (D:1)
  A bat (D:1)
  2 frilled lizards (D:1)
  A goblin (D:2)
  A rat (D:1)
19 creatures vanquished.

Notes
Turn   | Place    | Note
-------+----------+-------------------------------------------
     0 | D:1      | Wiggles the Minotaur Berserker began the quest for the Orb.
     0 | D:1      | Reached XP level 1. HP: 19/19 MP: 0/0
   145 | D:1      | Found a faded altar of an unknown god.
   326 | D:1      | Reached XP level 2. HP: 26/27 MP: 1/1
   808 | D:2      | Slain by a worm

Illustrated notes

Levels and vault maps discovered:
D:1:      lemuel_arrival_hallway, layout_loops_cross,
          chequers_ecumenical_altar_grove
D:2:      layout_basic, nicolae_titane, uniq_robin, uniq_natasha

Skill      XL: |  1 |
---------------+----+-----
Fighting       | 4 |  4.2
Axes           | 4 |  4.2
Armour         | |  2.6
Dodging        | |  2.4

Action                     || total
---------------------------++-------
  Melee: Hand axe          ||    40
         Headbutt          ||     8
         Punch             ||     1
 Armour: Animal skin       ||     6
  Dodge: Dodged            ||    30
